 Dungeon Crawl Stone Soup version 0.30-a0-170-g85af917532 (webtiles) character file.

Game seed: 1531202942128694568

78 qw the Chopper (level 4, -4/28 HPs)
             Began as a Gargoyle Fighter on Oct 1, 2022.
             Slain by Grinder (6 damage)
             ... while paralysed by Grinder
             ... on level 3 of the Dungeon.
             The game lasted 00:00:44 (2088 turns).

qw the Chopper (Gargoyle Fighter)                   Turns: 2088, Time: 00:00:45

Health: -4/28      AC: 12    Str: 21    XL:     4   Next: 36%
Magic:  4/4        EV:  2    Int:  9    God:
Gold:   115        SH:  0    Dex: 15    Spells: 3/3 levels left

rFire   . . .      SeeInvis .    Y - +0 war axe
rCold   . . .      Faith    .    c - +0 buckler
rNeg    + . .      Spirit   .    e - +0 chain mail
rPois   inf        Reflect  .    (no helmet)
rElec   +          Harm     .    (no cloak)
rCorr   .          Rampage  .    (no gloves)
Will    .....                    (no boots)
Stlth   ..........               (no amulet)
HPRegen 0.09/turn                g - +6 ring of dexterity
MPRegen 0.09/turn                (no ring)

@: paralysed
A: sickness immunity, AC +3, negative energy resistance 1, electricity
resistance, torment resistance 1, petrification resistance
a: no special abilities


You were on level 3 of the Dungeon.
You visited 1 branch of the dungeon, and saw 3 of its levels.

You collected 115 gold pieces.


Innate Abilities, Weirdness & Mutations

You are immune to sickness and miasma.
Your stone body is resilient. (AC +3)
You are immune to poison.
You resist negative energy. (rN+)
You are resistant to electric shocks. (rElec)
You are resistant to unholy torment.
You are immune to petrification.


   Skills:
 - Level 3.2 Fighting
 + Level 3.8 Axes
 - Level 3.2 Armour
 - Level 1.0 Dodging
 - Level 3.2 Shields


You had 3 spell levels left.
You didn't know any spells.
Your spell library was empty.

Inventory:

Hand Weapons
 h - a +0 flail
 Y - a +0 war axe (weapon)
Armour
 c - a +0 buckler (worn)
 e - a +0 chain mail (worn)
Jewellery
 g - a +6 ring of dexterity (left hand)
Scrolls
 a - a scroll of brand weapon {unknown}
 f - 3 scrolls of identify
 i - a scroll of enchant armour
Potions
 d - a potion of might
 l - a potion of lignification

Dungeon Overview and Level Annotations

Branches:
Dungeon (3/15)

Altars:

Annotations:
D:3 Grinder


Message History

Grinder hits you but does no damage.
You hit Grinder.
Grinder is lightly wounded.
Grinder blinks!
You closely miss Grinder.
Grinder is lightly wounded.
Grinder gestures at you. You resist with significant effort. Grinder hits you!
You hit Grinder.
Grinder is moderately wounded.
You barely miss the rat. The rat bites you. Grinder gestures at you.
Pain shoots through your body!
You slash Grinder!
Grinder is heavily wounded.
You slash the rat!
You kill the rat!
Grinder gestures at you. Pain shoots through your body!
You hit Grinder but do no damage.
Grinder is heavily wounded.
Grinder hits you.
You writhe in agony.
You block Grinder's attack.
You closely miss Grinder.
Grinder is heavily wounded.
Grinder hits you but does no damage.
You slash Grinder!
Grinder is almost dead.
Grinder gestures at you. Pain shoots through your body!
Grinder gestures at you. You resist with significant effort.
You hit Grinder.
Grinder is almost dead.
Grinder gestures at you.
You suddenly lose the ability to move!
Grinder gestures at you.
You barely resist. Grinder hits you.
You die...

#...[........#
#...##...#####
#........##
#...##....### ##
#...##......# ..
# ######..(##.###
##. .# #...##...#
.. ..
#...####5##.#(#?#
#...# #.@#.....#
#...# ##.$# #####
##...r....
###.##.#. .# #


You could see Grinder.

Vanquished Creatures
  An adder (D:2)
  A gnoll (D:1)
  3 dart slugs
  5 ball pythons
  6 endoplasms
  5 giant cockroaches
  2 hobgoblins
  3 jackals (D:1)
  2 quokkas (D:1)
  5 bats
  A frilled lizard (D:2)
  5 goblins
  A kobold (D:1)
  7 rats
47 creatures vanquished.

Notes
Turn   | Place    | Note
-------+----------+-------------------------------------------
     0 | D:1      | qw the Gargoyle Fighter began the quest for the Orb.
     0 | D:1      | Reached XP level 1. HP: 14/14 MP: 1/1
     0 | D:1      | 0 ||| qw: Version: 0.2-a-13-gfc7b4b4
     0 | D:1      | 0 ||| qw: Game counter: 1710
     0 | D:1      | 0 ||| qw: Always use a shield: true
     0 | D:1      | 0 ||| qw: God list: Okawaru
     0 | D:1      | 0 ||| qw: Allow faded altars: false
     0 | D:1      | 0 ||| qw: Do Orc after D:15 true
     0 | D:1      | 0 ||| qw: Do second Lair branch before Depths: true
     0 | D:1      | 0 ||| qw: Lair rune preference: random
     0 | D:1      | 0 ||| qw: Plans: Normal, Zot:1-4, God:TSO, Crypt, Tomb,
                  | Pan, Slime:5, Hells, Abyss, Orb
     0 | D:1      | 0 ||| PLANNING D:1-11
    25 | D:1      | 25 ||| Stepping ~*~*~tactically~*~*~ (hiding).
    27 | D:1      | 27 ||| Stepping ~*~*~tactically~*~*~ (hiding).
   184 | D:1      | 184 ||| Stepping ~*~*~tactically~*~*~ (hiding).
   197 | D:1      | Reached XP level 2. HP: 17/19 MP: 2/2
   253 | D:1      | 253 ||| DROPPING +0 club.
   420 | D:1      | Reached skill level 3 in Axes
   461 | D:1      | Reached XP level 3. HP: 16/23 MP: 3/3
   562 | D:1      | 562 ||| DROPPING +0 whip.
   723 | D:1      | Found a faded altar of an unknown god.
   790 | D:1      | 790 ||| Stepping ~*~*~tactically~*~*~ (stealth).
   813 | D:1      | 813 ||| Stepping ~*~*~tactically~*~*~ (stealth).
  1119 | D:1      | 1119 ||| UPGRADING to +6 ring of dexterity.
  1120 | D:1      | 1120 ||| READING scroll labelled ECKEUJ OTYUSURGHU.
  1121 | D:1      | 1121 ||| READING 2 scrolls labelled TOGOTHI FAOT.
  1122 | D:1      | 1122 ||| READING scroll labelled NAYLUD UDGHUAVA.
  1149 | D:2      | 1149 ||| Stepping ~*~*~tactically~*~*~ (hiding).
  1473 | D:2      | Reached XP level 4. HP: 28/28 MP: 4/4
  1503 | D:2      | 1503 ||| FLEEEEING.
  1594 | D:2      | Reached skill level 1 in Dodging
  1987 | D:2      | 1987 ||| UPGRADING to +0 chain mail.
  1997 | D:2      | 1997 ||| DROPPING +0 scale mail.
  1998 | D:2      | 1998 ||| READING scroll labelled KIMIUNWEMOL.
  1999 | D:2      | 1999 ||| READING scroll labelled MEVIR VYECWI.
  2000 | D:2      | 2000 ||| READING scroll labelled XOAG VIELYMP.
  2001 | D:2      | 2001 ||| READING 3 scrolls of identify.
  2001 | D:2      | 2001 ||| IDENTIFYING fizzy red potion
  2072 | D:3      | Noticed Grinder
  2073 | D:3      | 2073 ||| Stepping ~*~*~tactically~*~*~ (hiding).
  2083 | D:3      | HP: 6/28 [Grinder (6)]
  2085 | D:3      | HP: 1/28 [Grinder/nerve-wracking pain (4)]
  2086 | D:3      | Paralysed by Grinder for 5 turns
  2088 | D:3      | Slain by Grinder

Levels and vault maps discovered:
D:1:      lemuel_arrival_muddy, layout_basic,
          hellmonk_ecumenical_altar_leap_of_faith
D:2:      layout_basic, bh_walls_and_bars
D:3:      layout_basic, amethyst_overflow_temple_binary, serial_shops,
          nicolae_shop_crystal, kennysheep_potato, uniq_grinder

Skill      XL: |  1  2  3  4 |
---------------+-------------+-----
Axes           | 2 3 |  3.8
Dodging        | 1 |  1.0
Fighting       | |  3.2
Armour         | |  3.2
Shields        | |  3.2

Action                   |  1- 3 |  4- 6 || total
-------------------------+-------+-------++-------
Melee: War axe           |    96 |    35 ||   131
  Use: Scroll            |     3 |     4 ||     7
Armor: Scale mail        |    52 |     5 ||    57
       Chain mail        |       |     3 ||     3
Dodge: Dodged            |    48 |    14 ||    62
Block: Buckler           |    16 |    11 ||    27

Table legend:
 A = Non-vault XP
 B = Vault XP
 C = Vault XP percentage of total XP
 D = Non-vault monster count
 E = Vault monster count
 F = Vault count percentage of total count
                 A         B        C        D         E       F
            +---------+---------+-------+---------+---------+-------
      Total |     112 |       0 |   0.0 |      47 |       0 |   0.0
            +---------+---------+-------+---------+---------+-------
        D:1 |      69 |       0 |   0.0 |      30 |       0 |   0.0
        D:2 |      38 |       0 |   0.0 |      14 |       0 |   0.0
        D:3 |       5 |       0 |   0.0 |       3 |       0 |   0.0
            +---------+---------+-------+---------+---------+-------
